 Dungeon Crawl Stone Soup version 0.30-a0-808-g6e0788376e (webtiles) character file.

Game seed: 10114124315924295744

397 cforsyth the Sneak (level 7, 0/43 HPs)
             Began as a Kobold Brigand on Feb 25, 2023.
             Slain by a gnoll
             ... wielding a +0 spear
              (4 damage)
             ... on level 5 of the Dungeon.
             The game lasted 00:04:24 (3861 turns).

cforsyth the Sneak (Kobold Brigand)                 Turns: 3861, Time: 00:04:24

Health: 0/43       AC:  4    Str:  8    XL:     7   Next: 10%
Magic:  7/7        EV: 16    Int: 12    God:
Gold:   247        SH:  0    Dex: 19    Spells: 6/6 levels left

rFire   . . .      SeeInvis .    r - +3 dagger
rCold   . . .      Faith    .    (no shield)
rNeg    . . .      Spirit   .    b - +0 robe
rPois   .          Reflect  .    (no helmet)
rElec   .          Harm     .    c - +0 cloak
rCorr   .          Rampage  .    (no gloves)
Will    .....                    v - +0 pair of boots
Stlth   +++++                    (no amulet)
HPRegen 0.27/turn                (no ring)
MPRegen 0.10/turn                (no ring)

@: weak-willed, flying
A: small, no large weapons, nightstalker 3
a: no special abilities


You were on level 5 of the Dungeon.
You visited 2 branches of the dungeon, and saw 6 of its levels.

You collected 247 gold pieces.

Inventory:

Hand Weapons
 a - a +2 dagger
 r - a +3 dagger (weapon)
Missiles
 d - 18 poisoned darts (quivered)
 e - 3 curare-tipped darts
Armour
 b - a +0 robe (worn)
 c - a +0 cloak (worn)
 v - a +0 pair of boots (worn)
Jewellery
 j - a ring of wizardry
 k - a +5 ring of evasion
Scrolls
 f - 2 scrolls of enchant weapon {unknown}
 g - 3 scrolls of immolation {unknown}
 l - 2 scrolls of fear {unknown}
 o - 3 scrolls of vulnerability
 q - 3 scrolls of identify {unknown}
 s - 2 scrolls of amnesia {unknown}
 t - a scroll of brand weapon {unknown}
 w - 2 scrolls of noise {unknown}
 x - 2 scrolls of teleportation {unknown}
 y - 2 scrolls of fog {unknown}
 z - a scroll of torment {unknown}
 B - a scroll of magic mapping {unknown}
Potions
 h - 2 potions of brilliance {unknown}
 i - 2 potions of attraction {unknown}
 n - a potion of berserk rage {unknown}
 p - a potion of lignification {unknown}
 u - 2 potions of curing {unknown}
 A - a potion of invisibility
 C - a potion of haste


   Skills:
 + Level 4.2 Fighting
 + Level 5.1 Short Blades
 - Level 2.1 Throwing
 + Level 4.1 Dodging
 + Level 7.2 Stealth


You had 6 spell levels left.
You didn't know any spells.
Your spell library contained the following spells:

 Spells                   Type           Power      Damage    Failure   Level
 Slow                     Hex            0%         N/A       32%         1
 Confusing Touch          Hex            0%         N/A       69%         3
 Vampiric Draining        Necr           0%         2d6       69%         3


Dungeon Overview and Level Annotations

Branches:
Dungeon (5/15)             Temple (1/1) D:4

Altars:
Ashenzari
Dithmenos
Elyvilon
Kikubaaqudgha
Makhleb
Nemelex Xobeh
Okawaru
Qazlal
Sif Muna
Uskayaw
Vehumet
Wu Jian
Xom
Yredelemnul
Zin
The Shining One

Shops:
D:3 (

Annotations:
D:4 1 runed translucent door


Innate Abilities, Weirdness & Mutations

You are small and have problems with some larger weapons.
You are completely attuned to the shadows.


Message History

The gnoll hits you from afar with a +0 spear!
The hound barely misses you.
You hit the hound.
The hound is lightly wounded.
The gnoll barely misses you. The gnoll closely misses you.
The hound closely misses you.
You hit the hound.
The hound is moderately wounded.
The ufetubus closely misses you. The ufetubus misses you.
The hound barely misses you. The gnoll misses you.
The gnoll hits you from afar with a +0 spear.
You closely miss the hound.
The hound is moderately wounded.
The ufetubus misses you. x2; The hound closely misses you.
You closely miss the hound.
The hound is moderately wounded.
The ufetubus misses you. The ufetubus hits you.
The gnoll hits you from afar with a +0 spear!
The gnoll barely misses you. The hound closely misses you.
You are too injured to fight recklessly!
You are too injured to fight recklessly!
You are too injured to fight recklessly!
You are too injured to fight recklessly!
You are too injured to fight recklessly!
The ufetubus attacks as you move away! The ufetubus completely misses you.
The ufetubus barely misses you. x2; The ufetubus closely misses you.
The hound closely misses you.
As you read the scroll labelled VULINKA MIRE, it crumbles to dust.
Magic quickly surges around you.
It was a scroll of vulnerability.
The ufetubus misses you. The ufetubus closely misses you.
The gnoll hits you from afar with a +0 spear. x2
* * * LOW HITPOINT WARNING * * *
The hound bites you but does no damage.
It was a potion of flight.
You feel very buoyant.
You fly up into the air.
The ufetubus barely misses you. The ufetubus hits you.
* * * LOW HITPOINT WARNING * * *
The hound barely misses you.
The gnoll hits you from afar with a +0 spear.
You die...

##..# ....##
.....#########
##................
##...................
................!.....
....####.............#
....# ##........>....
...## ##......@.g...
.... #.......5hg...
....###........ .....#
###...... ....##
##..... #.....


You could see a hound (weak-willed), 2 gnolls and an ufetubus (weak-willed).

Vanquished Creatures
  Sigmund (D:3)
  A howler monkey (D:4)
  A jelly (D:4)
  2 iguanas
  Terence (D:2)
  2 gnolls (D:5)
  2 worms
  A dart slug (D:1)
  2 orcs (D:3)
  A ball python (D:3)
  12 endoplasms
  A giant cockroach (D:1)
  2 goblins
  8 hobgoblins
  4 jackals (D:4)
  9 kobolds
  6 quokkas
  5 bats
  A frilled lizard (D:1)
  2 rats
64 creatures vanquished.

Notes
Turn   | Place    | Note
-------+----------+-------------------------------------------
     0 | D:1      | cforsyth the Kobold Brigand began the quest for the Orb.
     0 | D:1      | Reached XP level 1. HP: 12/12 MP: 1/1
   197 | D:1      | Reached XP level 2. HP: 18/18 MP: 2/2
   560 | D:1      | Reached XP level 3. HP: 22/22 MP: 3/3
  1223 | D:2      | Noticed Terence
  1227 | D:2      | Killed Terence
  1228 | D:2      | Reached XP level 4. HP: 28/28 MP: 4/4
  1521 | D:2      | Reached skill level 6 in Stealth
  1751 | D:3      | Found Zaddaucadd's Weapon Shoppe.
  1833 | D:3      | Found a hide-covered altar of Uskayaw.
  1852 | D:3      | Noticed Sigmund
  1856 | D:3      | Killed Sigmund
  1857 | D:3      | Reached XP level 5. HP: 33/33 MP: 5/5
  1857 | D:3      | Reached XP level 6. HP: 38/38 MP: 6/6
  2603 | D:4      | Found a staircase to the Ecumenical Temple.
  2660 | Temple   | Entered the Ecumenical Temple
  2713 | D:4      | Reached skill level 7 in Stealth
  2739 | D:4      | Found a runed translucent door.
  3290 | D:5      | Entered Level 5 of the Dungeon
  3390 | D:4      | Reached skill level 5 in Short Blades
  3504 | D:5      | Reached XP level 7. HP: 13/43 MP: 7/7
  3861 | D:5      | Slain by a gnoll

Illustrated notes

Levels and vault maps discovered:
D:1:      wander_arrival_chamber, layout_basic, wad_floor_pattern_untrapped,
          minmay_misc_feat_x
D:2:      layout_basic, minmay_cut_off, uniq_terence
D:3:      layout_loops_ring, nicolae_uskayaw_murder_on_the_dancefloor,
          serial_shops, nicolae_shop_bloodbath_and_beyond, uniq_sigmund
D:4:      layout_cave_pools, minmay_temple_entry_slanted,
          ebering_ghost_reflecting_pool, hangedman_glass_teeth
D:5:      layout_layer_cave, worldfamousw_hep_ancestral_shrine
Temple:   minmay_freezing_vapour_temple

Skill      XL: |  1  2  3  4  5  6 |
---------------+-------------------+-----
Short Blades   | 3 4 5 |  5.1
Dodging        | 2 3 4 |  4.1
Fighting       | 3 4 |  4.2
Stealth        | 6 7 |  7.2
Throwing       | |  2.1

Action                     |  1- 3 |  4- 6 |  7- 9 || total
---------------------------+-------+-------+-------++-------
  Melee: Dagger            |    65 |   114 |     9 ||   188
         Punch             |     2 |     3 |       ||     5
  Throw: Dart              |       |     5 |       ||     5
    Use: Potion            |       |     3 |     1 ||     4
         Scroll            |       |       |     1 ||     1
   Stab: Sleeping          |    15 |    14 |     2 ||    31
         Distracted        |       |     2 |       ||     2
 Armour: Robe              |     7 |     8 |     1 ||    16
  Dodge: Dodged            |    34 |    72 |    27 ||   133

Table legend: (Time is in decaauts)
 A = Elapsed time spent in this place.
 B = Non-inter-level travel time spent in this place.
 C = Inter-level travel time spent in this place.
 D = Time resting spent in this place.
 E = Time spent auto-exploring this place.
 F = Levels seen in this place.
 G = Mean time per level.
                   A        B        C        D        E       F      G
               +--------+--------+--------+--------+--------+-----+--------+
         Total |   3806 |   3664 |    142 |    283 |   2814 |   6 |  634.3 |
       Dungeon |   3768 |   3631 |    137 |    283 |   2782 |   5 |  753.6 |
        Temple |     37 |     32 |      5 |      0 |     32 |   1 |   37.0 |
               +--------+--------+--------+--------+--------+-----+--------+

Top non-repeatable levels by time:
     D:4: 938 daAuts
     D:3: 808 daAuts
     D:1: 805 daAuts
     D:2: 764 daAuts
     D:5: 451 daAuts
  Temple: 37 daAuts
